AoeStats
← Axolotlin

Arena

508472081Analyzed
4v4 RM · 8d ago on Sep 22, 2026· 50m 37s· 8 players
Game mode
Random Map
Map size
Large (8 player)
Population
200
Speed
Normal
Resources
Standard
Victory
Conquest
Starting age
Dark Age
Ending age
Imperial Age
RankedLock teamsTeams togetherTeam positionsShared explorationLock speedFull tech treeHidden civsTurbo modeCheats
Victory
Defeat
🇲🇽 Shu · Mexico
1202
+10
🇧🇷 Khmer · Brazil
1195
+10
🇫🇷 Persians · France
1125
+13
🇨🇳 Celts · China
977
+18
🇲🇽 Celts · Mexico
1080
-14
🇩🇪 Khmer · Germany
1063
-13
🇵🇪 Portuguese · Peru
1050
-13
🇮🇪 Spanish · Ireland
1002
-11
Rey de Copas
10:59 Feudal Age
14:59 Castle Age
13:15 Double-Bit Axe
13:23 Horse Collar
30:45 Imperial Age
28:19 Scale Mail Armor
29:13 Wheelbarrow
28:59 Heavy Plow
29:28 Forging
29:50 Bow Saw
30:34 Iron Casting
30:40 Chain Mail Armor
32:48 Blast Furnace
31:36 Capped Ram
33:28 Plate Mail Armor
33:24 Conscription
37:31 Pikeman
37:57 Arson
38:08 Stronghold
38:26 Halberdier
barbeytus
12:39 Feudal Age
17:10 Castle Age
16:43 Gold Mining
22:10 Imperial Age
20:13 Stone Mining
20:22 Double-Bit Axe
22:41 Stone Shaft Mining
24:18 Town Watch
25:43 Town Patrol
27:49 Fletching
27:59 Padded Archer Armor
28:23 Ballistics
29:03 Chemistry
30:00 Chemistry
29:21 Bow Saw
32:03 Two-Man Saw
31:39 Masonry
31:56 Arquebus
32:00 Elite Organ Gun
33:30 Architecture
38:34 Fortified Wall
44:23 Murder Holes
46:58 Pikeman
48:24 Gambesons
48:03 Man-at-Arms
q721372930
13:31 Feudal Age
14:32 Double-Bit Axe
16:35 Horse Collar
16:50 Gold Mining
19:04 Castle Age
16:50 Loom
16:59 Stone Mining
21:11 Wheelbarrow
20:47 Bow Saw
21:03 Heavy Plow
26:54 Stone Shaft Mining
27:11 Hand Cart
30:56 Bloodlines
30:46 Husbandry
33:20 Imperial Age
30:37 Light Cavalry
32:06 Scale Barding Armor
32:12 Forging
31:52 Fletching
33:48 Chain Barding Armor
34:04 Iron Casting
35:08 Conscription
34:17 Cavalier
35:36 Plate Barding Armor
34:36 Hussar
37:09 Blast Furnace
37:02 Paladin
38:37 Scale Mail Armor
38:01 Man-at-Arms
38:02 Pikeman
38:28 Gambesons
38:44 Squires
38:30 Arson
38:43 Long Swordsman
40:57 Two-Man Saw
40:23 Halberdier
42:19 Fortified Wall
42:30 Ballistics
42:59 Two-Handed Swordsman
44:04 Champion
AsianFoxes
6:37 Loom
9:05 Feudal Age
12:42 Castle Age
13:47 Double-Bit Axe
20:33 Horse Collar
23:21 Heavy Plow
23:43 Bow Saw
23:30 Gold Mining
23:37 Stone Mining
25:42 Gold Shaft Mining
25:22 Forging
29:29 Imperial Age
27:40 Wheelbarrow
26:58 Town Watch
27:25 Scale Barding Armor
27:55 Town Patrol
29:00 Chain Barding Armor
29:16 Iron Casting
28:54 Bloodlines
29:15 Hand Cart
29:24 Husbandry
28:49 Light Cavalry
29:59 Hussar
30:02 Elite Battle Elephant
31:43 Crop Rotation
30:52 Hussar
33:05 Plate Barding Armor
33:31 Blast Furnace
34:34 Tusk Swords
34:55 Conscription
36:49 Heavy Scorpion
39:51 Double Crossbow
Axolotlin
10:34 Feudal Age
11:31 Loom
12:13 Double-Bit Axe
14:53 Castle Age
12:36 Horse Collar
14:23 Gold Mining
16:21 Bow Saw
22:22 Fervor
22:48 Heavy Plow
24:24 Wheelbarrow
29:16 Imperial Age
26:42 Stone Mining
27:39 Hand Cart
28:35 Gold Shaft Mining
27:52 Town Watch
28:00 Fletching
28:28 Padded Archer Armor
28:44 Caravan
28:50 Bodkin Arrow
29:19 Town Patrol
29:40 Leather Archer Armor
30:03 Ballistics
29:27 Crossbowman
30:38 Thumb Ring
30:35 Bracer
32:47 Two-Man Saw
33:22 Chemistry
33:56 Ring Archer Armor
33:39 Siege Engineers
33:37 Arbalester
37:26 Conscription
36:37 Pikeman
37:17 Squires
37:03 Gambesons
37:56 Forging
37:47 Scale Mail Armor
37:52 Halberdier
41:47 Onager
42:45 Chain Mail Armor
President of USA
2:33 Loom
13:22 Feudal Age
17:00 Castle Age
15:04 Double-Bit Axe
15:22 Horse Collar
18:16 Bow Saw
20:14 Wheelbarrow
27:57 Hand Cart
28:01 Scale Mail Armor
28:12 Forging
28:31 Gold Mining
28:41 Stone Mining
32:12 Imperial Age
29:38 Pikeman
30:52 Chain Mail Armor
31:13 Iron Casting
32:11 Gold Shaft Mining
32:47 Stone Shaft Mining
33:22 Conscription
32:54 Stronghold
32:25 Elite Woad Raider
33:39 Plate Mail Armor
34:09 Blast Furnace
32:44 Halberdier
35:34 Fletching
36:30 Hoardings
37:00 Chemistry
37:16 Bodkin Arrow
37:33 Murder Holes
38:01 Arson
39:40 Siege Engineers
39:49 Fortified Wall
45:09 Masonry
45:41 Town Watch
Bilugo
10:19 Feudal Age
14:32 Castle Age
12:49 Horse Collar
13:18 Double-Bit Axe
14:32 Loom
16:06 Bow Saw
21:04 Heavy Plow
24:24 Wheelbarrow
27:45 Imperial Age
27:46 Heavy Scorpion
28:56 Ballistics
29:37 Chemistry
29:33 Siege Engineers
30:14 Tusk Swords
30:37 Double Crossbow
31:32 Conscription
32:15 Capped Ram
34:47 Siege Ram
39:29 Scale Barding Armor
39:34 Forging
39:37 Bloodlines
39:27 Husbandry
38:50 Elite Battle Elephant
41:11 Chain Barding Armor
40:33 Light Cavalry
43:48 Plate Barding Armor
43:49 Iron Casting
48:04 Hussar
50:07 Hoardings
49:46 Masonry
Blawckdown
10:33 Feudal Age
15:33 Castle Age
13:48 Horse Collar
13:59 Double-Bit Axe
17:06 Bow Saw
18:34 Scale Barding Armor
21:46 Gold Mining
23:53 Wheelbarrow
32:17 Imperial Age
30:33 Gold Shaft Mining
30:05 Husbandry
30:16 Bloodlines
30:43 Hand Cart
31:03 Forging
31:14 Chain Barding Armor
31:16 Heavy Plow
32:21 Iron Casting
32:36 Cavalier
33:56 Plate Barding Armor
36:11 Savar
40:41 Blast Furnace
44:38 Caravan
Connection lost

Rejoining the realm…

Still unreachable

The connection could not be restored.

Session expired

The server has moved on; the page needs a fresh start.